[Event "Early-Titled-Tuesday-Blitz-February-06-2024"]
[Site "Chess.com"]
[Date "2024.02.06"]
[Round "3"]
[White "Mourinho_Jose"]
[Black "javirec"]
[Result "1/2-1/2"]
[WhiteElo "2475"]
[BlackElo "2270"]
[TimeControl "180+1"]
[EndTime "8:31:51 PST"]
[Termination "Game drawn by 50-move rule"]

1. e4 c5 2. Nf3 e6 3. c3 Nf6 4. e5 Nd5 5. Bc4 Nb6 6. Bb3 c4 7. Bc2 Nc6 8. O-O d6 9. Qe2 Qc7 10. Na3 Nxe5 11. Nxe5 dxe5 12. Re1 Bd7 13. Qxe5 Bd6 14. Qh5 O-O-O 15. h3 Nd5 16. b3 Nf4 17. Qf3 Bc6 18. Be4 Nd3 19. Rf1 Nxc1 20. Nxc4 Bxe4 21.
Qxe4 Nd3 22. Qg4 Bc5 23. Qf3 Qc6 24. Qg3 h5 25. Ne3 h4 26. Qg4 f5 27. Qa4 Qxa4 28.
bxa4 Nf4 29. Rab1 Rxd2 30. Rb5 b6 31. Nc4 Rc2 32. a5 Rxc3 33. axb6 axb6 34. Nxb6+ Bxb6 35. Rxb6 Kd7 36. Rb4 Nd5 37. Rd1 g5 38. Rb7+ Rc7 39.
Rb3 Rhc8 40. Rbd3 Rc3 41. R3d2 Rc2 42. a4 Rxd2 43. Rxd2 Ra8 44. Rd4 Kc6 45. Rc4+ Kd6 46. g3 hxg3 47. fxg3 Ra5 48. Kf2 Rc5 49. Rd4 Ke5 50. Rd1 Rc4 51. Re1+ Kd6 52. Ra1 Rc2+ 53. Kg1 Rc5 54. a5 Rc7 55. a6 Ra7 56. h4 gxh4 57. gxh4 Nb4 58. h5 Ke5 59. h6 Kf6 60. h7 Kg7 61. Ra4 Nxa6 62. Rc4 Kxh7 63. Rc6 e5 64. Re6 e4 65. Rf6 Nb4 66. Rxf5 Re7 67. Kf2 Kg6 68. Rb5 Nd3+ 69. Ke3 Kf6 70. Rb6+ Kf5 71. Rb5+ Re5 72. Rb1 Nc5 73. Rf1+ Ke6 74. Rh1 Kd5 75. Rh8 Re6 76. Rd8+ Rd6 77. Rc8 Nd3 78. Ra8 Rc6 79. Ra5+ Rc5 80.
Ra4 Rc3 81. Rd4+ Ke5 82. Rxe4+ Kf5 83. Rd4 Ne5+ 84. Kd2 Ra3 85. Rd8 Ke4 86. Re8 Ra2+ 87. Kc3 Ra3+ 88. Kb4 Rd3 89. Re6 Rd4+ 90. Kc3 Rc4+ 91. Kb3 Rd4 92. Re8 Rd3+ 93. Kc2 Rd6 94. Rh8 Rc6+ 95. Kd2 Rd6+ 96. Kc3 Rd3+ 97. Kc2 Re3 98.
Rh4+ Kd5 99. Rh5 Kd4 100. Kd2 Nf3+ 101. Kc2 Re2+ 102. Kd1 Rd2+ 103. Kc1 Ke3 104. Rh8 Rf2 105. Re8+ Kd3 106. Rd8+ Nd4 107. Rd7 Kc3 108. Kb1 Nb3 109. Rc7+ Kb4 110. Rb7+ Ka3 111. Ra7+ Kb4 112. Rb7+ Kc4 113. Rc7+ Nc5 114. Rc8 Kd4 115. Kc1 Nd3+ 116. Kd1 Rh2 117. Rd8+ Ke3 118. Re8+ Kf4 119. Re4+ Kf5 120. Rd4 Nf4 121. Ra4 Kg4 122. Rb4 Kf3 123. Rb8 Ke4 124. Re8+ Kd4 125. Rd8+ Nd5 126. Rd7 Rb2 127. Rd8 Rb3 128. Kc2 Rc3+ 129. Kb2 Rd3 130. Rd7 Kc4 131. Kc2 Ne3+ 132. Kc1 1/2-1/2

[Event "Early-Titled-Tuesday-Blitz-February-06-2024"]
[Site "Chess.com"]
[Date "2024.02.06"]
[Round "4"]
[White "SahibSinghKnight"]
[Black "GrotBchess"]
[Result "1-0"]
[WhiteElo "2656"]
[BlackElo "2373"]
[TimeControl "180+1"]
[EndTime "8:34:03 PST"]
[Termination "SahibSinghKnight won by resignation"]

1. e4 e5 2. Nf3 Nc6 3. Bb5 a6 4. Ba4 Nf6 5. O-O Be7 6. Bxc6 dxc6 7. d3 Qd6 8. Nbd2 Be6 9. d4 Nd7 10. c3 f6 11. a4 O-O-O 12. b3 g5 13. Ba3 c5 14. d5 Bf7 15. Nc4 Nb6 16. Nxd6+ cxd6 17. a5 1-0

[Event "Early-Titled-Tuesday-Blitz-February-06-2024"]
[Site "Chess.com"]
[Date "2024.02.06"]
[Round "4"]
[White "Grindaveci"]
[Black "Crazy_girl99"]
[Result "0-1"]
[WhiteElo "2427"]
[BlackElo "2617"]
[TimeControl "180+1"]
[EndTime "8:34:13 PST"]
[Termination "Crazy_girl99 won by resignation"]

1. e4 e5 2. Nf3 Nc6 3. Bc4 Nf6 4. d3 Bc5 5. O-O d6 6. c3 a6 7. b4 Ba7 8. h3 h6 9. Bb3 O-O 10. Nbd2 Nh5 11. Re1 Nf4 12. Nf1 Qf6 13. Be3 Ne7 14. Bxa7 Rxa7 15. Ne3 Neg6 16. Kh2 c6 17. Qd2 Nxh3 18.
Nxe5 Qxe5+ 0-1

[Event "Early-Titled-Tuesday-Blitz-February-06-2024"]
[Site "Chess.com"]
[Date "2024.02.06"]
[Round "4"]
[White "only_strong_moves"]
[Black "claudyna16"]
[Result "1-0"]
[WhiteElo "2679"]
[BlackElo "2432"]
[TimeControl "180+1"]
[EndTime "8:34:17 PST"]
[Termination "only_strong_moves won by resignation"]

1. d4 Nf6 2. Nc3 d5 3. Bf4 g6 4.
e3 Bg7 5. h4 O-O 6. h5 Nxh5 7.
Rxh5 gxh5 8. Qxh5 f5 9. Nf3 e6 10. Bd3 b6 11. O-O-O c5 12. Rh1 c4 13. Qxh7+ Kf7 14.
Ne5+ Ke8 15. Qg6+ 1-0

[Event "Early-Titled-Tuesday-Blitz-February-06-2024"]
[Site "Chess.com"]
[Date "2024.02.06"]
[Round "4"]
[White "ImportedItalianMaple"]
[Black "Suleyman_Chess06"]
[Result "0-1"]
[WhiteElo "2475"]
[BlackElo "2663"]
[TimeControl "180+1"]
[EndTime "8:34:48 PST"]
[Termination "Suleyman_Chess06 won by resignation"]

1. Nf3 d5 2. g3 c6 3. Bg2 Bf5 4. O-O Nf6 5. d3 e6 6. Nh4 Bg6 7. Nxg6 hxg6 8. Nd2 Nbd7 9. e4 Be7 10. Qe2 Qc7 11.
Re1 Bc5 12. e5 Nxe5 13. Qxe5 Bxf2+ 14. Kf1 Qb6 15. Re2 Ng4 0-1

[Event "Early-Titled-Tuesday-Blitz-February-06-2024"]
[Site "Chess.com"]
[Date "2024.02.06"]
[Round "4"]
[White "GMCorinnaKopff"]
[Black "chucksterf10"]
[Result "1-0"]
[WhiteElo "2375"]
[BlackElo "2637"]
[TimeControl "180+1"]
[EndTime "8:34:52 PST"]
[Termination "GMCorinnaKopff won by checkmate"]

1. e4 b6 2. d4 Bb7 3. Nc3 e6 4.
Bd3 Bb4 5. Ne2 Nf6 6. a3 Bxc3+ 7. Nxc3 c5 8. d5 exd5 9. exd5 Qe7+ 10. Be3 Nxd5 11.
Nxd5 Bxd5 12. O-O Nc6 13. Qh5 Be6 14. Rfe1 d5 15. Bg5 Qd7 16. f4 c4 17. f5 cxd3 18.
fxe6 Qc7 19. exf7+ Kf8 20. Re8+ Rxe8 21. fxe8=Q# 1-0

[Event "Early-Titled-Tuesday-Blitz-February-06-2024"]
[Site "Chess.com"]
[Date "2024.02.06"]
[Round "4"]
[White "MF_Malo"]
[Black "AttilaTurzo"]
[Result "0-1"]
[WhiteElo "2192"]
[BlackElo "2450"]
[TimeControl "180+1"]
[EndTime "8:34:58 PST"]
[Termination "AttilaTurzo won by resignation"]

1. d4 Nf6 2. Nc3 d5 3. Bf4 a6 4. e3 Bf5 5. f3 e6 6. g4 Bg6 7.
h4 h6 8. Nge2 c5 9. Qd2 Nc6 10.
O-O-O Be7 11. a3 b5 12. dxc5 Bxc5 13. Nd4 Qb6 14. Ncxb5 axb5 15. Bxb5 Bxd4 16. Bxc6+ Qxc6 17. exd4 h5 18. Be5 hxg4 19. fxg4 Ne4 20. Bxg7 Nxd2 0-1

[Event "Early-Titled-Tuesday-Blitz-February-06-2024"]
[Site "Chess.com"]
[Date "2024.02.06"]
[Round "4"]
[White "Aash20"]
[Black "MNyuyu"]
[Result "0-1"]
[WhiteElo "2465"]
[BlackElo "2319"]
[TimeControl "180+1"]
[EndTime "8:35:05 PST"]
[Termination "MNyuyu won by resignation"]

1. e4 d5 2. exd5 Qxd5 3. Nc3 Qd8 4. d4 c6 5. g3 Bf5 6. Bg2 e6 7. Nge2 Nf6 8. O-O Be7 9. Re1 O-O 10. Bg5 Nbd7 11.
Qd2 h6 12. Be3 Re8 13. Nf4 Nd5 14. Ncxd5 exd5 15. c3 Nf6 16. Nd3 Ne4 17. Qe2 Bd6 18. f3 Nf6 19. Qf2 Bxd3 20. Qd2 Bg6 21. Bf4 Qc7 22.
Bxh6 gxh6 23. Qxh6 Bf8 24. Qh4 Bg7 0-1

[Event "Early-Titled-Tuesday-Blitz-February-06-2024"]
[Site "Chess.com"]
[Date "2024.02.06"]
[Round "4"]
[White "SharapovEvgeny"]
[Black "Som2310"]
[Result "0-1"]
[WhiteElo "2531"]
[BlackElo "2786"]
[TimeControl "180+1"]
[EndTime "8:35:30 PST"]
[Termination "Som2310 won by resignation"]

1. e4 e6 2. d4 d5 3. exd5 exd5 4. Nf3 Nf6 5. Bd3 c5 6. h3 c4 7. Be2 Bd6 8. O-O O-O 9. b3 cxb3 10. axb3 Nc6 11.
c4 Re8 12. Be3 Bf5 13. Nc3 Bb4 14. Nxd5 Nxd5 15. cxd5 Qxd5 16. Bc4 Qd6 17. d5 Na5 18. Nd4 Be4 19. Qg4 a6 20. Nf5 Qg6 21. Qxg6 hxg6 22. Ng3 b5 23. Nxe4 bxc4 24. Nc5 cxb3 25. Nxb3 Nxb3 26. Rab1 Nd2 27. Rxb4 Nxf1 28. Kxf1 Red8 0-1

[Event "Early-Titled-Tuesday-Blitz-February-06-2024"]
[Site "Chess.com"]
[Date "2024.02.06"]
[Round "4"]
[White "Raud100"]
[Black "Capiberibe"]
[Result "1-0"]
[WhiteElo "2437"]
[BlackElo "2098"]
[TimeControl "180+1"]
[EndTime "8:35:34 PST"]
[Termination "Raud100 won by resignation"]

1. d4 Nf6 2. c4 e6 3. Nc3 Bb4 4. Qc2 d5 5. Bg5 c5 6. a3 cxd4 7. axb4 dxc3 8. bxc3 dxc4 9. e4 h6 10. Bh4 g5 11. Bg3 b6 12. Bxc4 Nc6 13. Nf3 Bb7 14.
O-O O-O 15. Rfd1 Qc8 16. Bd6 Re8 17. e5 Nh7 18. Bd3 Nf8 19. h4 g4 20. Nh2 h5 21.
Qd2 Ne7 22. Bxe7 Rxe7 23. Qg5+ Ng6 24. Bxg6 fxg6 25. Qxe7 1-0

[Event "Early-Titled-Tuesday-Blitz-February-06-2024"]
[Site "Chess.com"]
[Date "2024.02.06"]
[Round "4"]
[White "eagleclaw07"]
[Black "RandomNoob04"]
[Result "0-1"]
[WhiteElo "2770"]
[BlackElo "2575"]
[TimeControl "180+1"]
[EndTime "8:35:51 PST"]
[Termination "RandomNoob04 won by resignation"]

1. d4 Nf6 2. c4 c5 3. d5 b5 4. cxb5 a6 5. bxa6 g6 6. Nc3 Bg7 7. e4 O-O 8. a7 Rxa7 9. Be2 e6 10. Nf3 exd5 11. exd5 d6 12. O-O Na6 13. Bg5 h6 14.
Bf4 Nc7 15. Nd2 Nfxd5 16. Nxd5 Nxd5 17. Bg3 Bxb2 18. Nc4 Nc3 19. Qd2 Nxe2+ 20. Qxe2 Bxa1 21. Rxa1 Ba6 22. Qc2 Bxc4 23. Qxc4 Qe7 24. h4 Qe6 25. Qc2 Rfa8 26. a4 Qg4 27. Rd1 Qxa4 28. Qc1 Qxd1+ 29. Qxd1 Ra1 30. Qxa1 Rxa1+ 31. Kh2 d5 32. Be5 Rb1 33. Bf4 0-1

[Event "Early-Titled-Tuesday-Blitz-February-06-2024"]
[Site "Chess.com"]
[Date "2024.02.06"]
[Round "4"]
[White "Shushik"]
[Black "Drags95"]
[Result "0-1"]
[WhiteElo "2542"]
[BlackElo "2845"]
[TimeControl "180+1"]
[EndTime "8:36:01 PST"]
[Termination "Drags95 won by resignation"]

1. e4 e5 2. Nf3 Nc6 3. Bc4 Bc5 4. c3 Nf6 5. d4 exd4 6. e5 d5 7.
Bb5 Ne4 8. cxd4 Bb6 9. Nc3 O-O 10. Be3 Bg4 11. h3 Bh5 12. Qa4 Ne7 13. Qc2 Bg6 14.
Bd3 Ba5 15. O-O Bxc3 16. bxc3 c5 17. c4 Nc6 18. a3 cxd4 19. Bxd4 dxc4 20. Qxc4 Rc8 21.
Qa4 Nxd4 22. Nxd4 Nc5 0-1

[Event "Early-Titled-Tuesday-Blitz-February-06-2024"]
[Site "Chess.com"]
[Date "2024.02.06"]
[Round "4"]
[White "erugee"]
[Black "Nasrin_Babayeva"]
[Result "1-0"]
[WhiteElo "2332"]
[BlackElo "1918"]
[TimeControl "180+1"]
[EndTime "8:36:01 PST"]
[Termination "erugee won by resignation"]

1. e4 e6 2. d3 c5 3. Nd2 Nc6 4. Ngf3 d6 5. g3 Nf6 6. Bg2 Be7 7. O-O O-O 8. Re1 b5 9. Nf1 Bb7 10. h4 b4 11. N1h2 a5 12. Be3 a4 13. Rb1 Qc7 14. c4 d5 15. e5 Nxe5 16. Nxe5 Qxe5 17. Bf4 Qf5 18. Re5 Qg6 19. h5 Nxh5 20. Rxh5 Bf6 21. cxd5 Rfd8 22. Be4 1-0

[Event "Early-Titled-Tuesday-Blitz-February-06-2024"]
[Site "Chess.com"]
[Date "2024.02.06"]
[Round "4"]
[White "CADMartin"]
[Black "DonJuanEGenaro"]
[Result "1-0"]
[WhiteElo "2434"]
[BlackElo "2033"]
[TimeControl "180+1"]
[EndTime "8:36:04 PST"]
[Termination "CADMartin won by resignation"]

1. e4 c5 2. Nf3 Nc6 3. d4 cxd4 4.
Nxd4 e5 5. Nb5 d6 6. c4 a6 7. N5c3 Be6 8. Be3 Nf6 9. Be2 Be7 10. O-O O-O 11. Nd2 Rc8 12. Rc1 Nd7 13. Bg4 Bg5 14.
Bxe6 fxe6 15. Qg4 Bxe3 16. Qxe6+ Kh8 17. fxe3 Qg5 18. Nd5 Nc5 19. Qxd6 Rxf1+ 20. Rxf1 h6 21. Qxc5 Ne7 22. Qxe7 1-0

[Event "Early-Titled-Tuesday-Blitz-February-06-2024"]
[Site "Chess.com"]
[Date "2024.02.06"]
[Round "4"]
[White "Keures"]
[Black "banhgiahuy2606"]
[Result "0-1"]
[WhiteElo "2437"]
[BlackElo "2679"]
[TimeControl "180+1"]
[EndTime "8:36:12 PST"]
[Termination "banhgiahuy2606 won by checkmate"]

1. d4 Nf6 2. c4 g6 3. Nc3 Bg7 4. e4 d6 5. h3 O-O 6. Nf3 e5 7. d5 a5 8. g4 Na6 9. Be3 Nd7 10. Be2 Ndc5 11. a3 f5 12. Nd2 f4 13.
Bxc5 Nxc5 14. f3 h5 15. b4 Qh4+ 16. Kf1 axb4 17. axb4 Rxa1 18. Qxa1 hxg4 19. bxc5 gxh3 20. Qe1 Qg3 21. Rg1 h2 22. Rxg3 h1=Q+ 23. Rg1 Bh3+ 24. Kf2 Qh2+ 25. Rg2 Qxg2# 0-1

[Event "Early-Titled-Tuesday-Blitz-February-06-2024"]
[Site "Chess.com"]
[Date "2024.02.06"]
[Round "4"]
[White "Marcan2b"]
[Black "Sattarov_Bobur"]
[Result "0-1"]
[WhiteElo "3010"]
[BlackElo "2771"]
[TimeControl "180+1"]
[EndTime "8:36:29 PST"]
[Termination "Sattarov_Bobur won by checkmate"]

1. e4 e5 2. Nf3 Nc6 3. Bb5 a6 4. Ba4 Bc5 5. O-O Qf6 6. c3 Nge7 7. Re1 h6 8. d4 Ba7 9. Be3 O-O 10. Na3 d6 11. h3 b5 12. Bb3 Na5 13. dxe5 dxe5 14. Bxa7 Rxa7 15. Nc2 Ng6 16. Ne3 c6 17. Nh2 Nf4 18.
Nhg4 Qg5 19. Qd6 Re8 20. Kh1 Rd7 21. Qa3 Nxb3 22. axb3 Rd3 23. Rg1 h5 24. Nh2 Rxe3 25. fxe3 Ne2 26. Rge1 Qxe3 27. Nf1 Qg1# 0-1

[Event "Early-Titled-Tuesday-Blitz-February-06-2024"]
[Site "Chess.com"]
[Date "2024.02.06"]
[Round "4"]
[White "PabloZarnicki"]
[Black "ChessFighter1975"]
[Result "1-0"]
[WhiteElo "2619"]
[BlackElo "2427"]
[TimeControl "180+1"]
[EndTime "8:36:29 PST"]
[Termination "PabloZarnicki won by resignation"]

1. e4 d6 2. d4 Nf6 3. Nc3 Nbd7 4.
Nf3 e5 5. Bc4 Be7 6. O-O c6 7.
a4 a5 8. Re1 Qc7 9. Ba2 h6 10.
dxe5 dxe5 11. Nh4 g6 12. Qf3 Nc5 13. h3 Be6 14. Be3 Bxa2 15. Bxc5 Be6 16. Bxe7 Qxe7 17. Qg3 Bc4 18. Nf3 Nd7 19. b3 Be6 20. Nxe5 Nxe5 21. Qxe5 O-O 22. Nd5 cxd5 23. exd5 Rfe8 24. dxe6 Qxe6 25.
Qxe6 Rxe6 26. Rxe6 fxe6 27. Re1 Kf7 28. Re5 b6 29.
Rb5 Rb8 30. c4 Ke7 31. c5 Rd8 32. cxb6 1-0

[Event "Early-Titled-Tuesday-Blitz-February-06-2024"]
[Site "Chess.com"]
[Date "2024.02.06"]
[Round "4"]
[White "emeli_chess"]
[Black "cristiano78"]
[Result "1/2-1/2"]
[WhiteElo "2433"]
[BlackElo "2276"]
[TimeControl "180+1"]
[EndTime "8:36:32 PST"]
[Termination "Game drawn by repetition"]

1. d4 Nf6 2. c4 g6 3. Nc3 Bg7 4. e4 d6 5. f3 O-O 6. Be3 Nc6 7.
Nge2 a6 8. Qd2 Rb8 9. h4 h5 10.
Nc1 e5 11. d5 Nd4 12. N1e2 Nxe2 13. Bxe2 Nh7 14. c5 Bf6 15. O-O-O Bxh4 16. g4 hxg4 17. fxg4 Bg5 18. Rxh7 Bxe3 19. Qxe3 Kxh7 20. Rh1+ Kg7 21. Qh6+ Kf6 22. Qh4+ Kg7 23. Qh6+ Kf6 24. Qh4+ Kg7 25. Qh6+ 1/2-1/2

[Event "Early-Titled-Tuesday-Blitz-February-06-2024"]
[Site "Chess.com"]
[Date "2024.02.06"]
[Round "4"]
[White "threemind"]
[Black "Dubs123"]
[Result "0-1"]
[WhiteElo "2132"]
[BlackElo "2309"]
[TimeControl "180+1"]
[EndTime "8:36:32 PST"]
[Termination "Dubs123 won by resignation"]

1. e4 c5 2. Nc3 g6 3. g3 Bg7 4.
Bg2 e5 5. d3 Ne7 6. Be3 d6 7. Qd2 Nbc6 8. Bh6 O-O 9. h4 f5 10.
Bxg7 Kxg7 11. h5 f4 12. hxg6 Nxg6 13. O-O-O b5 14. Nd5 Be6 15. gxf4 exf4 16. Bh3 Bxd5 17. exd5 Nd4 18. Ne2 Qf6 19. Nxd4 Qxd4 20. Be6 a5 21. Rdg1 b4 22. f3 Qe3 23. Kd1 Qxf3+ 24. Qe2 Qxe2+ 25.
Kxe2 Rae8 26. Kf3 Re7 27. Rh5 Rf6 28. Rgh1 Ne5+ 29. Kf2 Kh8 30. Rg1 Rg7 31. Rhg5 Rfg6 32. Rf5 Rxg1 33. Rf8+ Rg8 0-1

[Event "Early-Titled-Tuesday-Blitz-February-06-2024"]
[Site "Chess.com"]
[Date "2024.02.06"]
[Round "4"]
[White "KubaGepard"]
[Black "AlexeiShirov"]
[Result "0-1"]
[WhiteElo "2555"]
[BlackElo "2778"]
[TimeControl "180+1"]
[EndTime "8:36:33 PST"]
[Termination "AlexeiShirov won by resignation"]

1. d4 d5 2. Nf3 Nf6 3. Bf4 c5 4. e3 Nc6 5. Nbd2 Qb6 6. dxc5 Qxb2 7. Rb1 Qc3 8. Bb5 g6 9. e4 dxe4 10. Be5 Qa5 11. O-O exf3 12. Qxf3 Qxb5 13. Bxf6 Qxf1+ 14. Rxf1 exf6 15. Qxf6 Rg8 16. Re1+ Be7 17. Nc4 Be6 18. Nd6+ Kd7 19. Qc3 Bxd6 20. Rd1 Rad8 21. cxd6 Rc8 22. h3 b6 23. Kh2 h5 24. a3 Na5 25.
Qf6 Rge8 26. Rd2 Nc4 27. Rd4 Rc6 28. g4 hxg4 29. hxg4 Rxd6 30. Rxd6+ Nxd6 31. Kg3 0-1

[Event "Early-Titled-Tuesday-Blitz-February-06-2024"]
[Site "Chess.com"]
[Date "2024.02.06"]
[Round "4"]
[White "Teidi96"]
[Black "Levanzovsky"]
[Result "0-1"]
[WhiteElo "2318"]
[BlackElo "2512"]
[TimeControl "180+1"]
[EndTime "8:36:34 PST"]
[Termination "Levanzovsky won by checkmate"]

1. Nf3 Nf6 2. b3 b6 3. Bb2 Bb7 4. e3 c5 5. Be2 e6 6. O-O d5 7.
Ne5 Nbd7 8. f4 Nxe5 9. fxe5 Nd7 10. Bb5 a6 11. Bxd7+ Qxd7 12. d4 Be7 13. Nd2 O-O 14.
Qh5 f6 15. Rf3 fxe5 16. Rh3 h6 17. dxe5 Rf5 18. Qg6 Rg5 19. Qd3 Rf8 20. Nf3 Rg4 21.
Rf1 Qe8 22. Rg3 Rxg3 23. hxg3 Qh5 24. c4 Qg4 25. Kh2 Rf5 26. e4 dxe4 27. Qd7 exf3 28. Qxb7 f2 29. Rxf2 Qh5+ 30. Kg1 Qd1+ 31. Kh2 Rh5# 0-1

[Event "Early-Titled-Tuesday-Blitz-February-06-2024"]
[Site "Chess.com"]
[Date "2024.02.06"]
[Round "4"]
[White "FredddieCroderg"]
[Black "Huragan007"]
[Result "1-0"]
[WhiteElo "2379"]
[BlackElo "2580"]
[TimeControl "180+1"]
[EndTime "8:36:35 PST"]
[Termination "FredddieCroderg won by resignation"]

1. d4 Nf6 2. c4 e5 3. dxe5 Ng4 4. Bf4 g5 5. Bg3 Nc6 6. Nf3 Bg7 7. h4 Ngxe5 8. hxg5 Nxf3+ 9. gxf3 Bxb2 10. Nd2 Qxg5 11. Rb1 Bc3 12. Bxc7 Bxd2+ 13. Qxd2 Qxd2+ 14. Kxd2 b6 15.
e3 Bb7 16. Bd3 d6 17. Bxd6 Rd8 18. c5 Ne7 19. Ke2 bxc5 20. Bxe7 Kxe7 21. Rxb7+ 1-0

[Event "Early-Titled-Tuesday-Blitz-February-06-2024"]
[Site "Chess.com"]
[Date "2024.02.06"]
[Round "4"]
[White "lluiss"]
[Black "CFalcons8"]
[Result "0-1"]
[WhiteElo "2137"]
[BlackElo "2321"]
[TimeControl "180+1"]
[EndTime "8:36:52 PST"]
[Termination "CFalcons8 won by resignation"]

1. c4 c5 2. Nc3 Nc6 3. g3 g6 4. Bg2 Bg7 5. Nf3 d6 6. O-O e6 7. d3 Nge7 8. Bd2 O-O 9. a3 a6 10. Rb1 Rb8 11. b4 cxb4 12. axb4 b5 13. Ng5 bxc4 14. dxc4 Rxb4 15. Rxb4 Nxb4 16. Qa4 a5 17.
Nb5 d5 18. cxd5 Nexd5 19. e4 Nb6 20. Qxa5 Qxd2 21. Qxb6 Qxg5 22. Nd6 Nd3 23. Nxc8 Rxc8 24. Qa6 Rd8 25. Rd1 Nc5 26. Rxd8+ Qxd8 27. Qe2 Nb3 28. h3 h5 29. Kh2 Nd4 30. Qe3 Qc7 31. h4 e5 32. Bf1 Kh7 33. Bd3 Bh6 34. Qe1 Nf3+ 0-1

[Event "Early-Titled-Tuesday-Blitz-February-06-2024"]
[Site "Chess.com"]
[Date "2024.02.06"]
[Round "4"]
[White "Zheenbekov86"]
[Black "JiiHart"]
[Result "1-0"]
[WhiteElo "2439"]
[BlackElo "2153"]
[TimeControl "180+1"]
[EndTime "8:36:53 PST"]
[Termination "Zheenbekov86 won by resignation"]

1. Nf3 Nf6 2. d4 d5 3. c4 c5 4. cxd5 cxd4 5. Nxd4 Nxd5 6. e4 Nf6 7. Nc3 e5 8. Bb5+ Bd7 9. Nf5 Nxe4 10. Bxd7+ Nxd7 11. Nxe4 Bb4+ 12. Bd2 Qb6 13. O-O O-O 14. Bxb4 Qxb4 15. Qg4 g6 16. Nf6+ Nxf6 17. Qxb4 gxf5 18. Qd6 Ne4 19. Qxe5 Rfe8 20. Qxf5 1-0

[Event "Early-Titled-Tuesday-Blitz-February-06-2024"]
[Site "Chess.com"]
[Date "2024.02.06"]
[Round "4"]
[White "The_Machine04"]
[Black "HeroWilczek"]
[Result "1-0"]
[WhiteElo "2703"]
[BlackElo "2486"]
[TimeControl "180+1"]
[EndTime "8:36:56 PST"]
[Termination "The_Machine04 won by resignation"]

1. d4 Nf6 2. Nf3 e6 3. Nbd2 d5 4. e3 Be7 5. Bd3 O-O 6. O-O b6 7. Ne5 Bb7 8. f4 Ne4 9. Qf3 f6 10.
Ng4 Nxd2 11. Bxd2 Nd7 12. Qh3 f5 13. Ne5 Nxe5 14. fxe5 g6 15. g4 Kg7 16. gxf5 exf5 17. Kh1 Bc8 18. Qg2 Be6 19. Rf3 c5 20. Raf1 Qd7 21. c3 Rac8 22. Be1 cxd4 23. exd4 b5 24. Bd2 a5 25. a3 b4 26. axb4 axb4 27. cxb4 Rb8 28. Rh3 Rf7 29. Bg5 Bxg5 30. Qxg5 Rxb4 31. Rg1 Rxd4 32. Rxh7+ Kf8 33. Rh8+ 1-0

[Event "Early-Titled-Tuesday-Blitz-February-06-2024"]
[Site "Chess.com"]
[Date "2024.02.06"]
[Round "4"]
[White "CFN_Good_Evening"]
[Black "volkanyirik"]
[Result "1-0"]
[WhiteElo "2002"]
[BlackElo "2385"]
[TimeControl "180+1"]
[EndTime "8:36:57 PST"]
[Termination "CFN_Good_Evening won by resignation"]

1. e4 c5 2. c3 d5 3. exd5 Qxd5 4. d4 cxd4 5. cxd4 e5 6. Nc3 Bb4 7. dxe5 Qxe5+ 8. Be2 Nf6 9. Nf3 Qc7 10. O-O O-O 11. Bg5 Rd8 12. Qb3 Be7 13. Nb5 Qb6 14.
Be3 Qa5 15. Ng5 Rf8 16. Bc4 h6 17. Nxf7 Kh7 18. Bd3+ g6 19. Ne5 Bf5 20. Bxf5 gxf5 21. Nc4 Qd8 22. Rfd1 Qc8 23. Nxa7 Rxa7 24. Bxa7 Nc6 25.
Be3 Rg8 26. Nd6 Qc7 27. Nxf5 Bf8 28. Bb6 Qf4 29. Qf7+ Kh8 30. Qxf6+ 1-0

[Event "Early-Titled-Tuesday-Blitz-February-06-2024"]
[Site "Chess.com"]
[Date "2024.02.06"]
[Round "4"]
[White "LeRoidesChampions"]
[Black "Dedic8"]
[Result "0-1"]
[WhiteElo "2627"]
[BlackElo "2886"]
[TimeControl "180+1"]
[EndTime "8:36:59 PST"]
[Termination "Dedic8 won by checkmate"]

1. d4 Nf6 2. c4 e6 3. Nc3 d5 4. Nf3 Nbd7 5. Bf4 Bb4 6. e3 c5 7. a3 Bxc3+ 8. bxc3 dxc4 9. Bxc4 b6 10. O-O O-O 11.
Ne5 Bb7 12. Rb1 Nxe5 13. Bxe5 Nd5 14. Qg4 f6 15. Qxe6+ Kh8 16. Bg3 Nxc3 17. Rb3 cxd4 18.
Qg4 Rc8 19. Be6 Ba6 20. Bxc8 Ne2+ 21. Kh1 Nxg3+ 22. hxg3 Bxf1 23. Bf5 Qd5 24. Qh5 Qxg2# 0-1

[Event "Early-Titled-Tuesday-Blitz-February-06-2024"]
[Site "Chess.com"]
[Date "2024.02.06"]
[Round "4"]
[White "tolia123"]
[Black "ferdipy"]
[Result "0-1"]
[WhiteElo "2179"]
[BlackElo "2409"]
[TimeControl "180+1"]
[EndTime "8:37:03 PST"]
[Termination "ferdipy won by resignation"]

1. d4 e5 2. dxe5 d6 3. exd6 Bxd6 4. Nf3 Nc6 5. e4 Bg4 6. Be2 Qe7 7. Nc3 Nf6 8. O-O O-O-O 9. Nd5 Qxe4 10. Nxf6 gxf6 11.
Bd3 Qe6 12. Re1 Qd7 13. Be3 Rhg8 14. Be2 Qf5 15. Nh4 Qh5 16. Bf3 Qxh4 17. Qe2 Qxh2+ 0-1

[Event "Early-Titled-Tuesday-Blitz-February-06-2024"]
[Site "Chess.com"]
[Date "2024.02.06"]
[Round "4"]
[White "SchmakAttack"]
[Black "tetrix83"]
[Result "0-1"]
[WhiteElo "2757"]
[BlackElo "2569"]
[TimeControl "180+1"]
[EndTime "8:37:04 PST"]
[Termination "tetrix83 won by resignation"]

1. d4 Nf6 2. c4 g6 3. Nc3 Bg7 4. Nf3 d6 5. Bg5 h6 6. Bh4 g5 7. Bg3 Nh5 8. e3 c5 9. Be2 Nc6 10. d5 Nxg3 11. hxg3 Ne5 12. Nd2 Kd7 13. Qc2 Kc7 14.
a3 Bd7 15. b4 Rc8 16. bxc5 dxc5 17. O-O Kb8 18. a4 h5 19. a5 h4 20. f4 hxg3 21. Qd1 g4 0-1

[Event "Early-Titled-Tuesday-Blitz-February-06-2024"]
[Site "Chess.com"]
[Date "2024.02.06"]
[Round "4"]
[White "Goryachkina"]
[Black "N4700000"]
[Result "1-0"]
[WhiteElo "2678"]
[BlackElo "2431"]
[TimeControl "180+1"]
[EndTime "8:37:04 PST"]
[Termination "Goryachkina won by resignation"]

1. e4 d6 2. d4 Nf6 3. Nc3 e5 4. Nf3 Nbd7 5. Bc4 Be7 6. O-O O-O 7.
a4 c6 8. Re1 exd4 9. Nxd4 Ne5 10.
Ba2 a5 11. h3 Re8 12. Be3 Bf8 13. Kh1 Ng6 14. Qd3 Bd7 15. Rad1 Qc7 16. Bg5 Be7 17.
Qe2 h6 18. Bc1 Bf8 19. Qf3 Qb6 20. Qg3 Nh5 21. Qxg6 1-0

[Event "Early-Titled-Tuesday-Blitz-February-06-2024"]
[Site "Chess.com"]
[Date "2024.02.06"]
[Round "4"]
[White "Chernobay_Artem"]
[Black "BJthechessgod"]
[Result "1-0"]
[WhiteElo "2645"]
[BlackElo "2399"]
[TimeControl "180+1"]
[EndTime "8:37:05 PST"]
[Termination "Chernobay_Artem won by resignation"]

1. d4 d5 2. c4 dxc4 3. e4 e5 4. Nf3 Bb4+ 5. Nc3 exd4 6. Nxd4 Nd7 7. Bxc4 Ngf6 8. Bxf7+ Kxf7 9. Qb3+ Ke8 10. Ne6 Nc5 11. Nxg7+ Kf8 12. Qxb4 Qe7 13. O-O Kxg7 14. Be3 b6 15.
Bd4 Re8 16. Nd5 Qxe4 17. Nxf6 Nd3 18. Nxe4+ 1-0